 Dungeon Crawl Stone Soup version 0.28.0-43-g3370ac3207 (webtiles) character file.

Game seed: 16192986378561329328

49 smarlow the Sneak (level 3, -4/16 HPs)
             Began as a Vine Stalker Enchanter on Mar 17, 2022.
             Killed from afar by Natasha (7 damage)
             ... with a magic dart
             ... on level 2 of the Dungeon.
             The game lasted 00:02:27 (2161 turns).

smarlow the Sneak (Vine Stalker Enchanter)          Turns: 2161, Time: 00:02:28

Health: -4/16      AC:  2    Str: 10    XL:     3   Next: 77%
Magic:  0/7        EV: 12    Int: 15    God:
Gold:   56         SH:  0    Dex: 16    Spells: 2/7 levels left

rFire   . . .      SeeInvis .   a - +1 dagger
rCold   . . .      Faith    .   (no shield)
rNeg    . . .      Spirit   +   b - +0 robe
rPois   .          Reflect  .   (no helmet)
rElec   .          Harm     .   (no cloak)
rCorr   .          Rampage  .   (no gloves)
Will    .....                   (no boots)
Stlth   +++.......              (no amulet)
HPRegen 0.05/turn               (no ring)
MPRegen 0.10/turn               (no ring)

@: slowed, very slow
A: fangs 2, magic shield, antimagic bite, no potion heal 2
a: no special abilities


You were on level 2 of the Dungeon.
You visited 1 branch of the dungeon, and saw 2 of its levels.

You collected 56 gold pieces.

Inventory:

Hand Weapons
 a - a +1 dagger (weapon)
Missiles
 f - a throwing net
Armour
 b - a +0 robe (worn)
Scrolls
 d - 2 scrolls of identify {unknown}
 g - a scroll of vulnerability {unknown}
 h - a scroll of fog {unknown}
Potions
 c - a potion of invisibility
 e - a potion of mutation {unknown}
 i - a potion of curing {unknown}
 j - a potion of ambrosia {unknown}


   Skills:
 + Level 1.4 Short Blades
 + Level 2.0 Dodging
 + Level 4.1 Stealth
 + Level 2.6 Spellcasting
 + Level 3.3 Hexes


You had 2 spell levels left.
You knew the following spells:

 Your Spells              Type           Power      Damage    Failure   Level
a - Ensorcelled Hibernat  Hex/Ice        14%        N/A       16%         2
b - Confusing Touch       Hex            12%        N/A       16%         3

Your spell library contained the following spells:

 Spells                   Type           Power      Damage    Failure   Level
 Tukima's Dance           Hex            12%        N/A       16%         3
 Dazzling Flash           Conj/Hex       14%        N/A       30%         3
 Spider Form              Tmut/Pois      1%         N/A       54%         3
 Anguish                  Hex/Necr       3%         N/A       71%         4
 Silence                  Hex/Air        3%         N/A       96%         5
 Agony                    Necr           1%         N/A       99%         5


Dungeon Overview and Level Annotations

Branches:
Dungeon (2/15)

Altars:

Shops:
D:1 !

Annotations:
D:2 Natasha


Innate Abilities, Weirdness & Mutations

You have extremely sharp teeth.
When hurt, damage is shared between your health and your magic reserves.
Your bite disrupts and absorbs the magic of your enemies.
Potions cannot restore your health.


Message History

The frilled lizard completely misses you.
Things that are here:
a +0 short sword; a kobold corpse You miss the frilled lizard.
Your bite misses the frilled lizard.
The frilled lizard bites you but does no damage.
You hit the frilled lizard but do no damage.
Your bite misses the frilled lizard. The frilled lizard barely misses you.
You closely miss the frilled lizard. The frilled lizard bites you.
You hit the frilled lizard.
The frilled lizard is heavily wounded.
The frilled lizard bites you.
You hit the frilled lizard.
You kill the frilled lizard!
The bat hits you but does no damage. The bat misses you.
You hit the bat.
You kill the bat!
No target in view!
No target in view!
You now have 56 gold pieces (gained 13).
Natasha, Servant of Life and Death comes into view.
Natasha is nearby!
Natasha closely misses you.
You barely miss Natasha. You bite Natasha, but do no damage. Natasha claws you.
You hit Natasha but do no damage. You bite Natasha, but do no damage.
Natasha claws you.
Natasha resists with some effort.
Natasha casts a spell.
Natasha resists with some effort.
Natasha stares at you and mumbles some strange words.
You feel yourself slow down.
The shadow imp shouts, "Crawl home, thou pribbling clapper-clawed crab-lanthorn!"
You are too depleted to draw on your mana recklessly!
You don't have enough magic to cast this spell.
You don't have enough magic to cast this spell.
Natasha casts a spell at you. The magic dart hits you.
* * * LOW HITPOINT WARNING * * *
Natasha casts a spell at you. The magic dart hits you!
You die...

#.#####.######.#
#.. #........#
#.. ##.....####
#..
#.......#######..
#.......>.......#
#.......#########
# ##.....## #
#.######...## #
#.5h.@....## #
########### # #


You could see Natasha and a shadow imp (summoned).

Vanquished Creatures
  An adder (D:2)
  A worm (D:2)
  A dart slug (D:2)
  3 bats
  An endoplasm (D:1)
  A giant cockroach (D:1)
  A goblin (D:1)
  A hobgoblin (D:1)
  5 jackals
  3 quokkas
  2 ball pythons
  3 frilled lizards
  7 kobolds
  5 rats
35 creatures vanquished.

Notes
Turn   | Place    | Note
-------+----------+-------------------------------------------
     0 | D:1      | smarlow the Vine Stalker Enchanter began the quest for the
                  | Orb.
     0 | D:1      | Reached XP level 1. HP: 9/9 MP: 4/4
   102 | D:1      | Reached skill level 1 in Short Blades
   435 | D:1      | Reached XP level 2. HP: 13/13 MP: 4/6
   483 | D:1      | Found Yteifap's Distillery.
  1140 | D:1      | Learned a level 2 spell: Ensorcelled Hibernation
  1417 | D:2      | Reached skill level 4 in Stealth
  1624 | D:2      | Reached XP level 3. HP: 16/16 MP: 7/7
  1628 | D:2      | Learned a level 3 spell: Confusing Touch
  2150 | D:2      | Noticed Natasha
  2161 | D:2      | Killed from afar by Natasha

Illustrated notes

Levels and vault maps discovered:
D:1:      minmay_arrival_hallway, layout_rooms, serial_shops, shop, hex_medium,
          chequers_serial_rivers_micro_a, minmay_tromino_mix6
D:2:      layout_loops_ring, uniq_natasha

Skill      XL: |  1  2  3 |
---------------+----------+-----
Short Blades   | 1 |  1.4
Stealth        | 4 |  4.1
Dodging        | 2 |  2.0
Spellcasting   | |  2.6
Hexes          | |  3.3

Action                   || total
-------------------------++-------
Melee: Dagger            ||   128
       Bite              ||    13
       Punch             ||     1
 Cast: Ensorcelled Hiber ||     2
 Stab: Sleeping          ||     6
Armor: Robe              ||    25
Dodge: Dodged            ||    95
